General information
- name: BNet
- type: Ladder team game (AT/RT)
- host: Battle.net
- saver: MUSCLE_BEAR
map: Battleground
- players: 8
- length: 28:05
- speed: Fast
- version: 1.26 W3XP
- replay type: Public
» download(190 KB)
Players
team 1 (winner)
b5bus (
teal | 57 APM | 1611 actions | 28:05)
6 Mountain King
3 Storm Bolt
2 Bash
1 Avatar
4 Paladin
2 Holy Light
1 Divine Shield
1 Devotion Aura
» actions
| Assign group hotkey | 27 | |
| Basic commands | 37 | |
| Build / train | 73 | |
| Enter build submenu | 24 | |
| Enter hero's abilities submenu | 10 | |
| Right click | 742 | |
| Select / deselect | 234 | |
| Select group hotkey | 403 | |
| Use ability | 61 | |
1611 total
» units
| Peasant | 10 | |
| Footman | 23 | |
| Gryphon Rider | 11 | |
44 total
» upgrades
| Swords | 3 | |
| Masonry | 1 | |
| Lumber Harvesting | 1 | |
| Defend | 1 | |
| Storm Hammers | 1 | |
| Armor | 1 | |
8 total
» buildings
| Farm | 14 | |
| Altar of Kings | 1 | |
| Barracks | 2 | |
| Lumber Mill | 2 | |
| Scout Tower | 3 | |
| Blacksmith | 1 | |
| Guard Tower | 3 | |
| Keep | 4 | |
| Castle | 1 | |
| Gryphon Aviary | 3 | |
| Town Hall | 1 | |
35 total
» build order
00:21 Farm
00:57 Altar of Kings
01:07 Barracks
01:21 Barracks
01:36 Farm
01:48 Lumber Mill
01:55 Lumber Mill
02:11 Farm
02:26 Farm
02:40 Scout Tower
03:02 Farm
04:09 Farm
04:47 Blacksmith
04:57 Guard Tower
05:01 Farm
08:21 Keep
08:21 Keep
08:21 Keep
10:06 Scout Tower
10:27 Scout Tower
10:43 Guard Tower
10:46 Farm
11:57 Guard Tower
12:02 Castle
14:30 Gryphon Aviary
14:34 Gryphon Aviary
14:41 Gryphon Aviary
17:59 Farm
18:01 Farm
18:02 Farm
18:03 Farm
18:04 Farm
18:05 Farm
26:01 Town Hall

»
pretty_lights (
red | 53 APM | 1495 actions | 28:05)
7 Archmage
3 Blizzard
3 Brilliance Aura
1 Mass Teleport
5 Paladin
3 Holy Light
2 Divine Shield
» actions
| Assign group hotkey | 39 | |
| Basic commands | 73 | |
| Build / train | 81 | |
| ESC pressed | 7 | |
| Enter build submenu | 27 | |
| Enter hero's abilities submenu | 12 | |
| Give item / drop item | 1 | |
| Remove unit from queue | 1 | |
| Right click | 534 | |
| Select / deselect | 363 | |
| Select group hotkey | 236 | |
| Use ability | 119 | |
1495 total
» units
| Peasant | 9 | |
| Footman | 14 | |
| Priest | 5 | |
| Knight | 11 | |
| Spell Breaker | 5 | |
44 total
» upgrades
| Defend | 1 | |
| Plating | 2 | |
| Swords | 2 | |
| Priest Training | 2 | |
| Lumber Harvesting | 1 | |
| Animal War Training | 1 | |
9 total
» buildings
| Altar of Kings | 1 | |
| Barracks | 2 | |
| Farm | 11 | |
| Scout Tower | 4 | |
| Arcane Vault | 1 | |
| Arcane Tower | 1 | |
| Lumber Mill | 1 | |
| Keep | 1 | |
| Blacksmith | 1 | |
| Castle | 1 | |
| Arcane Sanctum | 2 | |
| Guard Tower | 3 | |
| Town Hall | 1 | |
30 total
» build order
00:10 Altar of Kings
00:16 Barracks
00:26 Farm
01:13 Farm
01:42 Scout Tower
01:46 Farm
01:49 Farm
02:39 Arcane Vault
02:58 Barracks
03:06 Farm
03:56 Arcane Tower
04:02 Lumber Mill
06:26 Keep
06:28 Blacksmith
09:08 Castle
09:12 Arcane Sanctum
09:15 Arcane Sanctum
10:18 Scout Tower
10:20 Scout Tower
10:21 Farm
10:24 Farm
10:29 Scout Tower
11:01 Guard Tower
11:03 Guard Tower
11:10 Guard Tower
13:55 Farm
14:01 Farm
18:18 Farm
18:22 Farm
26:18 Town Hall
» items
| Scroll of Regeneration | 3 | |
| Lesser Clarity Potion | 1 | |
| Scroll of Town Portal | 2 | |
6 total
imwastedagain (
yellow | 13 APM | 371 actions | 28:05)
7 Blademaster
3 Wind Walk
3 Critical Strike
1 Bladestorm
» actions
| Basic commands | 73 | |
| Build / train | 61 | |
| Enter build submenu | 15 | |
| Enter hero's abilities submenu | 7 | |
| Right click | 8 | |
| Select / deselect | 160 | |
| Use ability | 47 | |
371 total
» units
| Peon | 9 | |
| Grunt | 7 | |
| Shaman | 7 | |
| Tauren | 11 | |
34 total
» upgrades
| Melee Weapons | 3 | |
| Armor | 3 | |
| Shaman Training | 2 | |
| Pulverize | 1 | |
9 total
» buildings
| Orc Burrow | 4 | |
| Altar of Storms | 1 | |
| Barracks | 2 | |
| Stronghold | 1 | |
| War Mill | 1 | |
| Fortress | 1 | |
| Spirit Lodge | 2 | |
| Voodoo Lounge | 2 | |
| Tauren Totem | 2 | |
16 total
» build order
00:30 Orc Burrow
00:47 Altar of Storms
01:02 Orc Burrow
02:01 Barracks
02:08 Barracks
02:21 Orc Burrow
05:11 Stronghold
05:21 War Mill
07:49 Fortress
07:59 Orc Burrow
08:06 Spirit Lodge
08:10 Spirit Lodge
08:58 Voodoo Lounge
10:13 Tauren Totem
10:20 Tauren Totem
17:51 Voodoo Lounge
» items
| Orb of Lightning | 1 | |
| Potion of Healing | 5 | |
| Scroll of Town Portal | 2 | |
8 total
LOBOFURTIVO (
green | 47 APM | 1307 actions | 28:05)
6 Archmage
3 Summon Water Elemental
2 Brilliance Aura
1 Mass Teleport
4 Paladin
1 Holy Light
2 Devotion Aura
1 Divine Shield
» actions
| Assign group hotkey | 84 | |
| Basic commands | 198 | |
| Build / train | 79 | |
| Enter build submenu | 17 | |
| Enter hero's abilities submenu | 10 | |
| Give item / drop item | 2 | |
| Right click | 270 | |
| Select / deselect | 252 | |
| Select group hotkey | 291 | |
| Use ability | 104 | |
1307 total
» units
| Peasant | 12 | |
| Footman | 4 | |
| Rifleman | 3 | |
| Mortar Team | 1 | |
| Siege Engine | 6 | |
| Priest | 3 | |
| Knight | 5 | |
34 total
» upgrades
| Defend | 1 | |
| Plating | 3 | |
| Swords | 2 | |
| Gunpowder | 3 | |
| Armor | 1 | |
| Lumber Harvesting | 2 | |
| Flare | 1 | |
| Barrage | 1 | |
| Magic Sentry | 1 | |
| Priest Training | 2 | |
| Masonry | 2 | |
| Animal War Training | 1 | |
20 total
» buildings
| Altar of Kings | 1 | |
| Farm | 13 | |
| Barracks | 1 | |
| Scout Tower | 8 | |
| Lumber Mill | 2 | |
| Blacksmith | 1 | |
| Arcane Tower | 2 | |
| Arcane Vault | 1 | |
| Keep | 1 | |
| Castle | 1 | |
| Workshop | 3 | |
| Arcane Sanctum | 1 | |
| Town Hall | 1 | |
36 total
» build order
00:59 Altar of Kings
01:02 Farm
01:07 Barracks
01:10 Farm
01:11 Farm
01:12 Farm
01:14 Farm
01:16 Farm
01:56 Scout Tower
02:19 Lumber Mill
02:46 Blacksmith
03:27 Arcane Tower
03:44 Arcane Vault
06:27 Keep
09:14 Castle
09:19 Workshop
09:20 Workshop
09:22 Workshop
09:25 Arcane Sanctum
09:29 Farm
09:30 Farm
10:43 Farm
10:45 Farm
10:48 Farm
10:50 Farm
10:50 Farm
12:07 Scout Tower
12:09 Scout Tower
12:11 Scout Tower
13:55 Arcane Tower
21:05 Lumber Mill
26:03 Town Hall
26:07 Scout Tower
26:08 Scout Tower
26:08 Scout Tower
26:09 Scout Tower
» items
| Scroll of Regeneration | 1 | |
| Lesser Clarity Potion | 1 | |
| Mechanical Critter | 1 | |
| Boots of Speed | 1 | |
| Scroll of Town Portal | 3 | |
| Potion of Healing | 1 | |
| Potion of Lesser Invulnerability | 1 | |
9 total
team 2 (loser)

»
1245. (
purple | 67 APM | 1800 actions | 26:55)
6 Keeper of the Grove
2 Force of Nature
1 Entangling Roots
2 Thorns Aura
1 Tranquility
» actions
| Assign group hotkey | 23 | |
| Basic commands | 6 | |
| Build / train | 98 | |
| ESC pressed | 1 | |
| Enter build submenu | 24 | |
| Enter hero's abilities submenu | 7 | |
| Remove unit from queue | 3 | |
| Right click | 531 | |
| Select / deselect | 266 | |
| Select group hotkey | 768 | |
| Use ability | 73 | |
1800 total
» units
| Wisp | 34 | |
| Archer | 20 | |
| Huntress | 17 | |
| Dryad | 6 | |
77 total
» upgrades
» buildings
| Altar of Elders | 1 | |
| Moon Well | 10 | |
| Ancient of War | 2 | |
| Hunter's Hall | 1 | |
| Ancient of Wonders | 2 | |
| Tree of Ages | 2 | |
| Ancient Protector | 2 | |
| Ancient of Lore | 1 | |
| Tree of Life | 2 | |
23 total
» build order
00:08 Altar of Elders
00:23 Moon Well
00:37 Ancient of War
01:29 Moon Well
02:12 Moon Well
02:32 Hunter's Hall
03:27 Ancient of Wonders
03:51 Tree of Ages
04:22 Ancient Protector
05:18 Moon Well
08:06 Ancient of Lore
10:05 Ancient of Wonders
10:31 Ancient Protector
12:34 Moon Well
13:44 Moon Well
13:58 Moon Well
14:53 Tree of Life
16:46 Moon Well
17:37 Moon Well
17:40 Moon Well
19:46 Tree of Life
23:25 Tree of Ages
23:33 Ancient of War
» items
| Potion of Healing | 4 | |
| Scroll of Town Portal | 4 | |
8 total

»
ABOMSGONEWILD (
pink | 53 APM | 1291 actions | 24:10)
6 Blademaster
3 Wind Walk
2 Critical Strike
1 Bladestorm
3 Shadow Hunter
2 Healing Wave
1 Hex
» actions
| Basic commands | 17 | |
| Build / train | 60 | |
| Enter build submenu | 16 | |
| Enter hero's abilities submenu | 9 | |
| Give item / drop item | 1 | |
| Right click | 777 | |
| Select / deselect | 348 | |
| Use ability | 63 | |
1291 total
» units
| Peon | 7 | |
| Grunt | 10 | |
| Tauren | 7 | |
| Shaman | 2 | |
26 total
» upgrades
| Armor | 3 | |
| Melee Weapons | 3 | |
| Berserker Strength | 1 | |
| Pulverize | 1 | |
| Shaman Training | 2 | |
10 total
» buildings
| Altar of Storms | 1 | |
| Orc Burrow | 6 | |
| Barracks | 1 | |
| War Mill | 1 | |
| Voodoo Lounge | 1 | |
| Stronghold | 2 | |
| Fortress | 1 | |
| Spirit Lodge | 1 | |
| Tauren Totem | 2 | |
| Great Hall | 1 | |
17 total
» build order
00:06 Altar of Storms
00:08 Orc Burrow
00:51 Barracks
01:31 Orc Burrow
01:53 War Mill
02:52 Voodoo Lounge
03:33 Orc Burrow
06:23 Stronghold
06:23 Stronghold
06:55 Orc Burrow
08:52 Fortress
09:50 Spirit Lodge
10:02 Orc Burrow
11:24 Tauren Totem
11:26 Tauren Totem
14:06 Orc Burrow
22:40 Great Hall
» items
| Circlet of Nobility | 1 | |
| Healing Salve | 3 | |
| Potion of Healing | 2 | |
| Scroll of Town Portal | 2 | |
| Orb of Lightning | 1 | |
9 total

»
Brex319 (
blue | 62 APM | 1739 actions | 28:05)
5 Keeper of the Grove
3 Entangling Roots
1 Force of Nature
1 Thorns Aura
2 Priestess of the Moon
1 Trueshot Aura
1 Searing Arrows
» actions
| Assign group hotkey | 86 | |
| Basic commands | 102 | |
| Build / train | 110 | |
| ESC pressed | 27 | |
| Enter build submenu | 15 | |
| Enter hero's abilities submenu | 7 | |
| Right click | 361 | |
| Select / deselect | 510 | |
| Select group hotkey | 458 | |
| Use ability | 62 | |
1739 total
» units
| Wisp | 14 | |
| Archer | 22 | |
| Druid of the Talon | 27 | |
| Dryad | 25 | |
88 total
» upgrades
| Strength of the Wild | 3 | |
| Reinforced Hides | 3 | |
| Druid of the Talon Training | 2 | |
| Abolish Magic | 1 | |
| Mark of the Talon | 1 | |
10 total
» buildings
| Altar of Elders | 1 | |
| Moon Well | 7 | |
| Ancient of War | 1 | |
| Ancient of Wonders | 2 | |
| Tree of Ages | 1 | |
| Hunter's Hall | 1 | |
| Ancient of Wind | 1 | |
| Ancient of Lore | 1 | |
| Tree of Eternity | 1 | |
16 total
» build order
00:09 Altar of Elders
00:15 Moon Well
00:24 Ancient of War
01:48 Moon Well
02:10 Ancient of Wonders
02:51 Moon Well
04:05 Tree of Ages
06:08 Hunter's Hall
06:33 Ancient of Wind
07:12 Ancient of Lore
11:06 Tree of Eternity
11:41 Moon Well
12:16 Moon Well
13:16 Ancient of Wonders
22:25 Moon Well
23:43 Moon Well
» items
MUSCLE_BEAR (
orange | 57 APM | 1607 actions | 28:05)
5 Tauren Chieftain
2 War Stomp
3 Endurance Aura
3 Goblin Alchemist
2 Acid Bomb
1 Chemical Rage
3 Shadow Hunter
1 Hex
2 Healing Wave
» actions
| Assign group hotkey | 38 | |
| Basic commands | 111 | |
| Build / train | 65 | |
| ESC pressed | 3 | |
| Enter build submenu | 14 | |
| Enter hero's abilities submenu | 11 | |
| Give item / drop item | 1 | |
| Right click | 581 | |
| Select / deselect | 347 | |
| Select group hotkey | 329 | |
| Use ability | 107 | |
1607 total
» units
» upgrades
| Armor | 3 | |
| Melee Weapons | 3 | |
| Ensnare | 1 | |
| Pillage | 1 | |
| Reinforced Defenses | 1 | |
| Ranged Weapons | 1 | |
10 total
» buildings
| Altar of Storms | 1 | |
| Barracks | 1 | |
| Orc Burrow | 4 | |
| Voodoo Lounge | 1 | |
| War Mill | 1 | |
| Stronghold | 1 | |
| Beastiary | 4 | |
| Fortress | 1 | |
14 total
» build order
00:09 Altar of Storms
00:12 Barracks
00:33 Orc Burrow
01:19 Voodoo Lounge
01:59 Orc Burrow
03:00 Orc Burrow
05:05 War Mill
06:23 Stronghold
08:52 Beastiary
08:55 Beastiary
13:53 Fortress
14:11 Orc Burrow
22:46 Beastiary
22:50 Beastiary
» items
| Healing Salve | 2 | |
| Scroll of Speed | 1 | |
| Boots of Speed | 2 | |
| Potion of Healing | 7 | |
| Dust of Appearance | 1 | |
| Lesser Clarity Potion | 1 | |
| Potion of Mana | 1 | |
| Scroll of Town Portal | 1 | |
| Orb of Lightning | 1 | |
17 total
Chat log
(00:22 / Allies) ABOMSGONEWILD: rush map
(00:28 / Allies) Brex319: lets do it
(00:53 / Allies) ABOMSGONEWILD: OK?
(00:57 / Allies) Brex319: im wit it
(01:01 / Allies) MUSCLE_BEAR: ok
(01:10 / Allies) ABOMSGONEWILD: purple
(01:11 / Allies) 1245.: K
(01:17 / Allies) ABOMSGONEWILD: k mass
(01:25 / Allies) ABOMSGONEWILD: 4-6 units
(03:23 / Allies) ABOMSGONEWILD: purpl
(03:24 / Allies) ABOMSGONEWILD: come
(03:54 / Allies) MUSCLE_BEAR: FOR THE TRIBESSSS
(04:09 / Allies) Brex319: been rdy..
(04:10 / Allies) ABOMSGONEWILD: cool hes gone
(04:13 / Allies) MUSCLE_BEAR: if mass towers are there skip to next
(04:27 / Allies) MUSCLE_BEAR: omw
(04:32 / Allies) ABOMSGONEWILD: keep sending
(04:32 / Allies) ABOMSGONEWILD: wait up purp
(04:43 / Allies) ABOMSGONEWILD: eh they saw u
(04:47 / Allies) MUSCLE_BEAR: ogogog
(05:07 / Allies) ABOMSGONEWILD: tower
(05:41 / All) imwastedagain: mas rush
(05:50 / Allies) ABOMSGONEWILD: cmon
(05:53 / Allies) Brex319: attk guys
(05:58 / Allies) 1245.: B
(06:09 / Allies) ABOMSGONEWILD: OYT
(06:10 / Allies) ABOMSGONEWILD: OYUT
(06:40 / Allies) ABOMSGONEWILD: b
(07:01 / Allies) ABOMSGONEWILD: tp
(07:02 / Allies) ABOMSGONEWILD: ing
(07:06 / Allies) ABOMSGONEWILD: B
(07:07 / Allies) ABOMSGONEWILD: PURP
(07:10 / All) ABOMSGONEWILD: ur fuckin annoying
(07:13 / All) imwastedagain: mexican hotel
(07:15 / All) MUSCLE_BEAR: lol
(07:16 / All) imwastedagain: im overseas
(07:34 / Allies) MUSCLE_BEAR: kill bm
(07:35 / Allies) MUSCLE_BEAR: he dusted
(08:57 / Allies) Brex319: AM's are doin work..
(09:03 / Allies) ABOMSGONEWILD: i did work
(09:10 / Allies) ABOMSGONEWILD: cmon help him
(09:16 / Allies) Brex319: hero reviving
(09:19 / Allies) ABOMSGONEWILD: christ
(09:22 / Allies) MUSCLE_BEAR: my stuff died
(09:27 / Allies) ABOMSGONEWILD: shits sad man
(09:29 / Allies) ABOMSGONEWILD: i fucked them up
(09:33 / Allies) ABOMSGONEWILD: yet we lose
(09:40 / Allies) ABOMSGONEWILD: erpair
(09:41 / Allies) ABOMSGONEWILD: or not
(10:07 / Allies) ABOMSGONEWILD: gj
(10:18 / Allies) MUSCLE_BEAR: couner?
(10:21 / Allies) MUSCLE_BEAR: but not teal?
(10:21 / Allies) ABOMSGONEWILD: no
(10:22 / Allies) ABOMSGONEWILD: creep
(10:23 / Allies) Brex319: no
(10:24 / Allies) MUSCLE_BEAR: ok
(10:46 / Allies) Brex319: smh oj
(10:52 / Allies) MUSCLE_BEAR: ?
(10:55 / Allies) ABOMSGONEWILD: ye really
(10:57 / Allies) ABOMSGONEWILD: wtf oj
(11:01 / Allies) Brex319: sent ur grunt to die
(11:06 / Allies) MUSCLE_BEAR: nah he survived
(11:16 / Allies) ABOMSGONEWILD: gold me
(11:17 / Allies) ABOMSGONEWILD: for tauren
(12:49 / Allies) MUSCLE_BEAR: let's help him
(12:50 / Allies) ABOMSGONEWILD: get rdy top tp
(12:57 / Allies) ABOMSGONEWILD: just walk
(12:58 / Allies) ABOMSGONEWILD: actually
(13:09 / Allies) ABOMSGONEWILD: GO ROANGE
(13:58 / Allies) ABOMSGONEWILD: creep n go
(14:20 / Allies) Brex319: gonna take all items pink?
(14:23 / Allies) ABOMSGONEWILD: oops
(14:27 / Allies) Brex319: oops...
(14:58 / Allies) Brex319: oj get tome
(15:03 / Allies) MUSCLE_BEAR: was trying to]
(15:03 / Allies) ABOMSGONEWILD: lets hit
(15:08 / Allies) Brex319: w.e
(15:16 / Allies) Brex319: STOP PINGING
(15:17 / Allies) Brex319: damn
(15:18 / Allies) ABOMSGONEWILD: orange
(15:18 / Allies) ABOMSGONEWILD: lol
(15:20 / Allies) MUSCLE_BEAR: NEVERMINDL OL
(15:20 / Allies) ABOMSGONEWILD: are u dumb
(15:33 / Allies) ABOMSGONEWILD: cmon
(15:34 / Allies) ABOMSGONEWILD: god damn
(15:39 / Allies) MUSCLE_BEAR: just noting that
(15:41 / Allies) ABOMSGONEWILD: u got no units orange
(15:41 / Allies) ABOMSGONEWILD: whjy
(15:44 / Allies) MUSCLE_BEAR: you blind?
(15:49 / Allies) ABOMSGONEWILD: u got shit units
(15:50 / Allies) ABOMSGONEWILD: *
(15:52 / Allies) MUSCLE_BEAR: nah
(15:56 / Allies) ABOMSGONEWILD: w/e
(16:04 / Allies) ABOMSGONEWILD: COME
(17:27 / All) ABOMSGONEWILD: ORANGE SUCKS GG
(17:30 / Allies) ABOMSGONEWILD: lolol
(17:32 / All) ABOMSGONEWILD: jk relax
(17:50 / Allies) ABOMSGONEWILD: not really though
(17:51 / Allies) ABOMSGONEWILD: u fucking suck
(17:53 / Allies) ABOMSGONEWILD: orange
(17:57 / Allies) Brex319: wow
(18:01 / Allies) Brex319: says he suck
(18:01 / Allies) MUSCLE_BEAR: even though you lost all your army?
(18:05 / Allies) ABOMSGONEWILD: LOL
(18:05 / Allies) ABOMSGONEWILD: LOL
(18:06 / Allies) Brex319: oj saves his ass
(18:11 / Allies) Brex319: then takes it back
(18:12 / Allies) ABOMSGONEWILD: BLUE
(18:13 / Allies) Brex319: then means it
(18:14 / Allies) ABOMSGONEWILD: LOL
(18:18 / Allies) ABOMSGONEWILD: BLUE STFU UR SO STUPID
(18:21 / Allies) ABOMSGONEWILD: YOU MUST BE BLIND
(18:21 / Allies) Brex319: yup
(18:26 / Allies) ABOMSGONEWILD: u see his worthless units?
(18:30 / Allies) ABOMSGONEWILD: they are good for base raping
(18:32 / Allies) ABOMSGONEWILD: thats it
(18:35 / Allies) Brex319: i know but say something and mean it
(18:38 / Allies) MUSCLE_BEAR: and ensnaring
(18:41 / Allies) Brex319: dont say forget it when he's saving u
(18:46 / Allies) MUSCLE_BEAR: which i've killed lots of heroes with
(18:48 / Allies) MUSCLE_BEAR: oh
(18:51 / Allies) Brex319: dats wut some people call fake
(18:51 / Allies) ABOMSGONEWILD: thought we might win the battle but ur army was shit
(18:52 / Allies) MUSCLE_BEAR: and they're good against tanks too.
(18:57 / Allies) ABOMSGONEWILD: who gives a fuck blue
(19:05 / Allies) Brex319: apparently not u
(19:08 / Allies) MUSCLE_BEAR: you gonna whine or are you gonna play?
(19:13 / Allies) Brex319: im tryna win
(19:23 / Allies) ABOMSGONEWILD: lol
(19:24 / Allies) ABOMSGONEWILD: we lost
(19:25 / Allies) ABOMSGONEWILD: dumbass
(19:30 / Allies) ABOMSGONEWILD: too many useless units
(19:35 / Allies) ABOMSGONEWILD: wooooo
(19:35 / Allies) ABOMSGONEWILD: loss
(19:35 / Allies) MUSCLE_BEAR: except for the ones that are making them tp
(19:41 / Allies) ABOMSGONEWILD: oh shut up
(19:42 / Allies) Brex319: tauren wit no shams?
(19:48 / Allies) ABOMSGONEWILD: i thought he was getting them
(19:49 / Allies) ABOMSGONEWILD: u moron
(19:51 / Allies) MUSCLE_BEAR: at least my units are actually doing something.
(19:52 / Allies) Brex319: who?
(19:56 / Allies) Brex319: lmbo
(19:58 / Allies) MUSCLE_BEAR: why me?
(19:58 / Allies) Brex319: wronG!
(20:00 / Allies) ABOMSGONEWILD: thought useless orange
(20:01 / Allies) ABOMSGONEWILD: might get them
(20:06 / Allies) ABOMSGONEWILD: didnt think
(20:08 / Allies) ABOMSGONEWILD: anyone would
(20:09 / Allies) ABOMSGONEWILD: mass raiders
(20:10 / Allies) ABOMSGONEWILD: LOL
(20:21 / Allies) Brex319: u gotta communicate
(20:24 / Allies) Brex319: cant assume
(20:25 / Allies) MUSCLE_BEAR: my base needs help
(20:28 / Allies) ABOMSGONEWILD: tp
(20:31 / Allies) MUSCLE_BEAR: as yellow has pointed out
(20:36 / Allies) MUSCLE_BEAR: it's usually the tauren that gets shams too
(21:16 / Allies) ABOMSGONEWILD: gg
(21:24 / Allies) Brex319: not ur fault right?
(21:34 / Allies) MUSCLE_BEAR: no
(21:35 / Allies) ABOMSGONEWILD: no
(21:35 / Allies) ABOMSGONEWILD: its not
(21:36 / Allies) ABOMSGONEWILD: LMAO
(21:38 / Allies) MUSCLE_BEAR: it's bviously mine
(21:40 / Allies) MUSCLE_BEAR: for killing units
(21:43 / Allies) MUSCLE_BEAR: and not whining the whole fucking game
(21:49 / Allies) ABOMSGONEWILD: stfu noob
(21:57 / Allies) Brex319: who's base is done?
(22:00 / Allies) MUSCLE_BEAR: ok then, one verses one?
(22:09 / Allies) ABOMSGONEWILD: gold me u worthless fucks
(22:10 / Allies) Brex319: no
(22:29 / Allies) ABOMSGONEWILD: purple only decent ally
(22:58 / Allies) Brex319: blame game pink?
(23:00 / Allies) Brex319: wanna play?
(23:01 / Allies) MUSCLE_BEAR: nah
(23:09 / Allies) MUSCLE_BEAR: taurens are obviously good vs gryphs
(23:11 / Allies) MUSCLE_BEAR: it's my fault
(23:17 / Allies) MUSCLE_BEAR: makes perfect sense.
(23:19 / Allies) ABOMSGONEWILD: ur a fuckin idiotic nobo
(23:26 / Allies) Brex319: ur a typer pink..
(23:30 / All) ABOMSGONEWILD: gg
(23:31 / Allies) MUSCLE_BEAR: I asked you if you wanted to 1v1.
(23:34 / Allies) Brex319: when shit dont go ur way u type @ people
(23:34 / Allies) MUSCLE_BEAR: You didn't responde
(23:36 / Allies) MUSCLE_BEAR: So shut up.
(23:43 / All) ABOMSGONEWILD: blue and orange are obviously two noob peas in a brainless pod
(23:48 / All) ABOMSGONEWILD: gg purple
(23:53 / All) Brex319: play me 1v1 then
(23:55 / All) MUSCLE_BEAR: I ask again. One versus One?
(23:58 / All) ABOMSGONEWILD: stfu ur a waste of sperm
(24:07 / All) ABOMSGONEWILD: fuckin shitty ass noobs suckin dick in 4v4 and cryin for a 1v1
(24:10 / All) ABOMSGONEWILD: dumb fucks
(24:19 / All) MUSCLE_BEAR: he's been whining the whole game, quite pathetic.
(25:46 / All) b5bus: gg
(26:57 / Allies) MUSCLE_BEAR: You can do it blue!
(26:58 / Allies) MUSCLE_BEAR: I believe in you!
(27:24 / Allies) MUSCLE_BEAR: ]
(27:26 / Allies) MUSCLE_BEAR: use your wells blue
(27:30 / Allies) MUSCLE_BEAR: heeeeal
(27:32 / Allies) MUSCLE_BEAR: with ur wellls
(27:38 / Allies) MUSCLE_BEAR: Alright
(27:40 / Allies) MUSCLE_BEAR: Good try blue.
(27:46 / Allies) MUSCLE_BEAR: Shame pink was so bad.
(27:53 / All) MUSCLE_BEAR: gg
(28:00 / All) pretty_lights: gg
(28:05 / All) Brex319: gg